 Dungeon Sprint DCSS version 0.30.1-11-g7821555f0a (webtiles) character file.

Game seed: 12600386241716353686

281 Heoruswealwe the Spear-Bearer (level 6, -4/62 HPs)
             Began as a Minotaur Fighter on Oct 28, 2023.
             Was an Initiate of Gozag.
             Slain by a gargoyle
             ... wielding a +0 flail
              (18 damage)
             ... in the Dungeon (Sprint IX: "|||||||||||||||||||||||||||||").
             The game lasted 00:02:34 (146 turns).

Heoruswealwe the Spear-Bearer (Minotaur Fighter)     Turns: 146, Time: 00:02:35

Health: -4/62      AC: 17    Str: 23    XL:     6   Next: 6%
Magic:  5/5        EV:  7    Int:  5    God:    Gozag
Gold:   0          SH:  0    Dex:  9    Spells: 5/5 levels left

rFire   . . .        b - +2 halberd (venom)
rCold   . . .        (shield currently unavailable)
rNeg    . . .        c - +0 plate armour
rPois   .            (helmet restricted)
rElec   .            h - +0 cloak
rCorr   .            (no gloves)
SInv    .            (no boots)
Will    .....        (no amulet) Stlth
                     k - +2 ring of protection
HPRegen 0.30/turn    (no ring)
MPRegen 0.09/turn

%: no teleportation
@: gold aura
A: horns 2, retaliatory headbutt
a: Renounce Religion, Potion Petition, Call Merchant, Bribe Branch


You were in the Dungeon.
You worshipped Gozag.
Gozag was noncommittal.
You visited 1 branch

Inventory:

Hand Weapons
 a - a +0 trident
 b - a +2 halberd of venom (weapon)
Armour
 c - a +0 plate armour (worn)
 d - a +0 buckler
 h - a +0 cloak (worn)
Jewellery
 k - a +2 ring of protection (left hand)
Wands
 l - a wand of quicksilver (10)
Scrolls
 j - 2 scrolls of blinking
Potions
 e - 4 potions of curing
 g - a potion of haste
 i - a potion of berserk rage
 m - a potion of might


   Skills:
 + Level 8.4 Fighting
 * Level 10.9 Polearms
 + Level 8.4 Armour
 - Level 3.6 Shields


You had 5 spell levels left.
You didn't know any spells.
Your spell library was empty.

Dungeon Overview and Level Annotations

Branches:
Dungeon (1/1)

Altars:
Cheibriados
Dithmenos
Elyvilon
Fedhas
Gozag
Hepliaklqana
Kikubaaqudgha
Makhleb
Nemelex Xobeh
Okawaru
Qazlal
Ru
Sif Muna
Trog
Uskayaw
Vehumet
Wu Jian
Xom
Yredelemnul
Zin
The Shining One
Jiyva
Lugonu


Innate Abilities, Weirdness & Mutations

You have a pair of horns on your head.
You reflexively headbutt those who attack you in melee.


Message History

The yak gores you!
You slash the yak!
You kill the yak!
The gargoyle hurls a stone arrow at you.
The stone arrow hits you!!
Ouch! That really hurt!
* * * LOW HITPOINT WARNING * * *
Your Fighting skill gained 2 levels and is now at level 8!
Your Polearms skill gained 2 levels and is now at level 10!
Your Armour skill increases to level 8!
You have reached level 6!
You feel much better.
The orc priest mumbles some strange prayers to Beogh against you.
Beogh smites you!
* * * LOW HITPOINT WARNING * * *
You feel much better. The gargoyle hits you with a +0 flail.
You hit the gargoyle but do no damage. The gargoyle hits you with a +0 flail!
The orc priest looks satisfied for a moment.
You hit the gargoyle but do no damage.
You headbutt the gargoyle, but do no damage.
The yak is distracted by your dazzling golden aura.
The gargoyle hits you with a +0 flail.
You impale the gargoyle!!
You headbutt the gargoyle, but do no damage.
The gargoyle is severely damaged.
The yak is no longer distracted by gold.
The gargoyle hurls a stone arrow at you.
The stone arrow hits you!
* * * LOW HITPOINT WARNING * * *
You feel much better.
The yak is distracted by your dazzling golden aura.
The gargoyle hurls a stone arrow at you.
The stone arrow hits you!!
* * * LOW HITPOINT WARNING * * *
The yak snorts and paws the ground.
You hit the gargoyle but do no damage.
The gargoyle is severely damaged.
The gargoyle hits you with a +0 flail!!
You die...
Your body crumbles into a pile of gold.

▓.▓
$
▓.▓
$
▓Y▓
$ $
▓Y▓
$
▓Y▓
$
▓o▓
$
▓9▓
$
▓@▓
$
▓.▓
$
▓.▓
▓[▓
$
▓=▓
▓[▓
$
▓)▓
$
▓?▓
$
▓!▓
$


You could see 3 yaks, a gargoyle and an orc priest.

Vanquished Creatures
  A yak (D)
  2 scorpions (D)
  A gnoll (D)
  A dart slug (D)
  An orc (D)
  A hobgoblin (D)
  A jackal (D)
  3 frilled lizards (D)
11 creatures vanquished.

Notes
Turn   | Place    | Note
-------+----------+-------------------------------------------
     0 | D        | Heoruswealwe the Minotaur Fighter began the quest for the
                  | Orb.
     0 | D        | Reached XP level 1. HP: 19/19 MP: 0/0
     7 | D        | Reached skill level 3 in Polearms
    21 | D        | Noticed a scorpion
    21 | D        | Noticed a scorpion
    28 | D        | Killed a scorpion
    29 | D        | Reached skill level 5 in Fighting
    29 | D        | Reached skill level 6 in Polearms
    29 | D        | Reached skill level 5 in Armour
    29 | D        | Reached XP level 2. HP: 16/30 MP: 1/1
    29 | D        | Reached XP level 3. HP: 20/37 MP: 2/2
    35 | D        | Reached skill level 7 in Polearms
    35 | D        | Reached XP level 4. HP: 16/44 MP: 3/3
    39 | D        | Killed a scorpion
    40 | D        | Reached skill level 8 in Polearms
    45 | D        | Reached XP level 5. HP: 27/51 MP: 4/4
    51 | D        | Found a snail-covered altar of Cheibriados.
    51 | D        | Found a shadowy altar of Dithmenos.
    51 | D        | Found a white marble altar of Elyvilon.
    51 | D        | Found a blossoming altar of Fedhas.
    51 | D        | Found an opulent altar of Gozag.
    52 | D        | Found a hazy altar of Hepliaklqana.
    53 | D        | Found a viscous altar of Jiyva.
    54 | D        | Found an ancient bone altar of Kikubaaqudgha.
    55 | D        | Found a corrupted altar of Lugonu.
    56 | D        | Found a burning altar of Makhleb.
    57 | D        | Found a sparkling altar of Nemelex Xobeh.
    58 | D        | Found an iron altar of Okawaru.
    59 | D        | Found a stormy altar of Qazlal.
    61 | D        | Became a worshipper of Gozag Ym Sagoz the Greedy
    63 | D        | Found a sacrificial altar of Ru.
    64 | D        | Found a shimmering blue altar of Sif Muna.
    65 | D        | Found a bloodstained altar of Trog.
    66 | D        | Found a hide-covered altar of Uskayaw.
    67 | D        | Found a radiant altar of Vehumet.
    68 | D        | Found an ornate altar of the Wu Jian Council.
    69 | D        | Found a shimmering altar of Xom.
    70 | D        | Found a basalt altar of Yredelemnul.
    71 | D        | Found a glowing silver altar of Zin.
    72 | D        | Found a glowing golden altar of the Shining One.
   132 | D        | Noticed a yak
   132 | D        | Noticed a yak
   132 | D        | Noticed a yak
   132 | D        | Noticed a gargoyle
   132 | D        | Noticed a yak
   139 | D        | Killed a yak
   140 | D        | Reached skill level 10 in Polearms
   140 | D        | Reached XP level 6. HP: 6/62 MP: 5/5
   146 | D        | Slain by a gargoyle

Illustrated notes

Levels and vault maps discovered:
D:        linesprint [early_d, line_temple, items_1, d_10, items_2, lair_1,
          lair_end, items_3, orc_1, orc_end, items_4, d_15, swamp_1, shoals_1,
          snake_1, spider_1, d_20, vaults_1, items_5, swamp_end, shoals_end,
          snake_end, spider_end, vaults_end, d_27, items_6, zot_1, zot_end,
          crypt_end, forest_end, elf_end, slime_end, tomb_end, abyss_end,
          pan_hell_end]

Skill      XL: |  1  2  3  4  5 |
---------------+----------------+-----
Polearms       | 6 7 8 10 | 10.9
Fighting       | 5 6 8 |  8.4
Armour         | 5 7 8 |  8.4
Shields        | |  3.6

Action                     |  1- 3 |  4- 6 || total
---------------------------+-------+-------++-------
  Melee: Trident           |    23 |     7 ||    30
         Headbutt          |     4 |     5 ||     9
         Halberd           |       |    11 ||    11
    Use: Potion            |       |     4 ||     4
 Armour: Scale mail        |     4 |     3 ||     7
         Plate armour      |       |     3 ||     3
  Dodge: Dodged            |     9 |     5 ||    14
  Block: Buckler           |     3 |     2 ||     5
